 Dungeon Crawl Stone Soup version 0.27.0-1-g7a089689b8 (webtiles) character file.

Game seed: 5427545177031710077

60 Goaboa the Grave Robber (level 4, -7/32 HPs)
             Began as a Human Necromancer on Aug 5, 2021.
             Mangled by Natasha (8 damage)
             ... on level 2 of the Dungeon on Aug 9, 2021.
             The game lasted 00:20:00 (1828 turns).

Goaboa the Grave Robber (Human Necromancer)         Turns: 1828, Time: 00:20:00

Health: -7/32      AC:  2    Str:  9    XL:     4   Next: 25%
Magic:  2/7        EV: 12    Int: 16    God:
Gold:   33         SH:  0    Dex: 13    Spells: 7/8 levels left

rFire    . . .     SeeInvis .   a - +2 dagger (vamp)
rCold    . . .     Faith    .   (no shield)
rNeg     . . .     Spirit   .   e - +0 robe
rPois    .         Reflect  .   (no helmet)
rElec    .         Harm     .   (no cloak)
rCorr    .         Rampage  .   (no gloves)
Will     .....                  (no boots)
Stlth    ++........             (no amulet)
HPRegen  0.10/turn              (no ring)
MPRegen  0.10/turn              (no ring)

@: flying, slowed, very slow
A: no striking features
a: no special abilities


You were on level 2 of the Dungeon.
You visited 1 branch of the dungeon, and saw 2 of its levels.

You collected 33 gold pieces.

Inventory:

Hand Weapons
 a - a +2 vampiric dagger (weapon)
Armour
 e - a +0 robe (worn)
Magical Staves
 b - a staff of air
 d - a staff of poison


   Skills:
 + Level 1.5 Fighting
 + Level 1.4 Staves
 + Level 2.7 Dodging
 - Level 2.0 Stealth
 + Level 2.6 Spellcasting
 - Level 4.0 Necromancy


You had 7 spell levels left.
You knew the following spells:

 Your Spells              Type           Power      Damage    Failure   Level
a - Pain                  Necr           56%        1d6       3%          1

Your spell library contained the following spells:

 Spells                   Type           Power      Damage    Failure   Level
 Animate Skeleton         Necr           28%        N/A       3%          1
 Vampiric Draining        Necr           7%         2d7       12%         3
 Animate Dead             Necr           7%         N/A       36%         4
 Gell's Gravitas          Tloc           1%         N/A       52%         3
 Teleport Other           Tloc           2%         N/A       52%         3
 Agony                    Necr           14%        N/A       71%         5
 Dispersal                Tloc           1%         N/A       100%        6


Dungeon Overview and Level Annotations

Branches:
Dungeon (2/15)

Altars:

Annotations:
D:2 Natasha


Message History

Aim: Natasha (chance to affect: 72%) Natasha writhes in agony.
Natasha claws you.
Aiming: Pain (safe; 3% risk of failure)
Press: ? - help, Q - select action Shift-Dir - straight line, f/p - Natasha
Aim: Natasha (moderately wounded, chance to affect: 72%) Natasha writhes in agony.
Natasha claws you but does no damage.
Natasha drinks a potion.
Natasha is healed!
You don't have enough magic to cast this spell.
You hit Natasha but do no damage. Natasha misses you.
You hit Natasha but do no damage. Natasha closely misses you.
Natasha claws you but does no damage.
You hit Natasha.
Natasha is lightly wounded.
Natasha claws you.
The crimson imp blinks!
Natasha mumbles some strange words.
You see here the felid corpse of Natasha.
Natasha casts a spell at you.
You feel as though you will be slow longer.
The crimson imp blinks! x2
Natasha claws you. Natasha claws you!
As you read the scroll labelled ODUSKUF WU CAF, it crumbles to dust.
You hear a loud clanging noise!
It was a scroll of noise.
Natasha claws you.
As you read the scroll labelled SELUCA MAUN, it crumbles to dust.
It is a scroll of amnesia.
Really abort (and waste the scroll)? [Y]es or [N]o only, please.
Really abort (and waste the scroll)?
Okay, then.
Natasha mewls in sadness.
Natasha closely misses you. Natasha misses you.
It was a potion of flight.
You feel very buoyant.
You fly up into the air.
Natasha claws you!
* * * LOW HITPOINT WARNING * * *
Natasha claws you!
You die...

........###...........#.######
#.######..5.######.##.#.#.....
...........'..# #.##.#.#.....
#######....#†## #.##.#>#.....
#.......#.# #.##.#.#.....
#.#...#.#5# #..†....<....
#.#.#.#.#5# ##........)..
#.#.#.#.#h# #...........
#.#.....#@# #...........
#.#...#.#.# #...........
#.#.....#.# #...........
##.#######.# #.......####
#........... #.......#
###......... #########
#......... #.........#
#..†......


You could see Natasha and 2 crimson imps.

Vanquished Creatures
  Natasha (D:2)
  A worm (D:2)
  3 ball pythons
  2 bats
  4 endoplasms (D:1)
  2 giant cockroaches (D:1)
  3 goblins
  4 hobgoblins (D:1)
  2 quokkas (D:1)
  A frilled lizard (D:1)
  2 kobolds
  4 rats
29 creatures vanquished.

Notes
Turn   | Place    | Note
-------+----------+-------------------------------------------
     0 | D:1      | Goaboa the Human Necromancer began the quest for the Orb.
     0 | D:1      | Reached XP level 1. HP: 13/13 MP: 3/3
   146 | D:1      | Reached XP level 2. HP: 12/20 MP: 0/5
  1032 | D:1      | Reached skill level 1 in Fighting
  1032 | D:1      | Reached XP level 3. HP: 25/26 MP: 4/6
  1115 | D:1      | Reached skill level 1 in Staves
  1336 | D:1      | Found a faded altar of an unknown god.
  1797 | D:2      | Noticed Natasha
  1801 | D:2      | Killed Natasha
  1802 | D:2      | Reached XP level 4. HP: 27/32 MP: 2/7
  1810 | D:2      | Noticed Natasha
  1827 | D:2      | HP: 1/32 [Natasha (9)]
  1828 | D:2      | Mangled by Natasha

Illustrated notes

Levels and vault maps discovered:
D:1:      psy_arrival_spokes, layout_loops_ring,
          dreamdust_ecumenical_altar_angels_and_demons, st_stairs_4
D:2:      layout_basic, serial_shops, shop, basic_altar, uniq_natasha

Skill      XL: |  1  2  3 |
---------------+----------+-----
Fighting       | 1 |  1.5
Staves         | 1 |  1.4
Dodging        | |  2.7
Stealth        | |  2.0
Spellcasting   | |  2.6
Necromancy     | |  4.0

Action                   |  1- 3 |  4- 6 || total
-------------------------+-------+-------++-------
Melee: Staff             |     8 |       ||     8
       Dagger            |    22 |     3 ||    25
 Cast: Pain              |    51 |     4 ||    55
  Use: Scroll            |       |     2 ||     2
       Potion            |       |     1 ||     1
Armor: Robe              |     2 |     2 ||     4
Dodge: Dodged            |    15 |     4 ||    19
